 Dungeon Crawl Stone Soup version 0.29.1-2-gbd0b4ee654 (webtiles) character file.

Game seed: 13268205364968349931

606 Zeld the Conjurer (level 7, 0/46 HPs)
             Began as a Demonspawn Conjurer on Oct 27, 2022.
             Was an Initiate of Gozag.
             Slain by a lemure (4 damage)
             ... led by Pikel
             ... on level 4 of the Dungeon.
             The game lasted 00:06:35 (3785 turns).

Zeld the Conjurer (Demonspawn Conjurer)             Turns: 3785, Time: 00:06:36

Health: 0/46       AC:  3    Str:  8    XL:     7   Next: 19%
Magic:  2/14       EV: 13    Int: 27    God:    Gozag
Gold:   106        SH:  0    Dex: 13    Spells: 8/15 levels left

rFire   . . .      SeeInvis .   (no weapon)
rCold   . . .      Faith    .   (no shield)
rNeg    . . .      Spirit   .   a - +0 robe
rPois   .          Reflect  .   (helmet restricted)
rElec   .          Harm     .   l - +0 cloak
rCorr   .          Rampage  .   (no gloves)
Will    .....                   (no boots)
Stlth   +++.......              (no amulet)
HPRegen 0.15/turn               j - +6 ring of intelligence
MPRegen 0.28/turn               (no ring)

@: no status effects
A: horns 2, thin skeletal structure 1, magic regeneration
a: Renounce Religion, Potion Petition, Call Merchant, Bribe Branch


You were on level 4 of the Dungeon.
You worshipped Gozag.
Gozag was aware of your devotion.
You visited 2 branches of the dungeon, and saw 5 of its levels.

You collected 295 gold pieces.
You spent 110 gold pieces at shops.
You paid 79 gold pieces to Gozag.

Inventory:

Armour
 a - a +0 robe (worn)
 l - a +0 cloak (worn)
Jewellery
 j - a +6 ring of intelligence (left hand)
Scrolls
 c - 2 scrolls of summoning {unknown}
 d - 8 scrolls of identify {unknown}
 e - a scroll of fog {unknown}
 i - a scroll of magic mapping {unknown}
 k - 2 scrolls of teleportation {unknown}
 o - a scroll of poison {unknown}
 p - a scroll of enchant weapon {unknown}
 q - a scroll of immolation {unknown}
Potions
 b - a potion of magic
 f - a potion of haste {unknown}
 g - 4 potions of curing
 h - 3 potions of heal wounds {unknown}
 m - 2 potions of lignification {unknown}
 n - 2 potions of brilliance
 r - a potion of might {unknown}
 s - a potion of mutation {unknown}


   Skills:
 + Level 3.5 Dodging
 + Level 3.8 Stealth
 * Level 4.8 Spellcasting
 + Level 5.3 Conjurations


You had 8 spell levels left.
You knew the following spells:

 Your Spells              Type           Power      Damage    Failure   Level
a - Magic Dart            Conj           100%       1d8       1%          1
b - Searing Ray           Conj           70%        2d7       1%          2
c - Fulminant Prism       Conj/Hex       10%        3d9       24%         4

Your spell library contained the following spells:

 Spells                   Type           Power      Damage    Failure   Level
 Dazzling Flash           Conj/Hex       40%        N/A       8%          3
 Call Imp                 Summ           6%         N/A       11%         2
 Ensorcelled Hibernation  Hex/Ice        12%        N/A       11%         2
 Passwall                 Tmut/Erth      5%         N/A       11%         2
 Mephitic Cloud           Conj/Pois/Air  16%        N/A       11%         3
 Swiftness                Air            6%         N/A       22%         3
 Iskenderun's Mystic Bla  Conj/Tloc      20%        2d6       24%         4


Dungeon Overview and Level Annotations

Branches:
Dungeon (4/15)             Temple (1/1) D:4

Altars:
Cheibriados
Dithmenos
Fedhas
Gozag
Hepliaklqana
Kikubaaqudgha
Okawaru
Ru
Uskayaw
Wu Jian
Yredelemnul

Shops:
D:2 !


Innate Abilities, Weirdness & Mutations

You have a pair of horns on your head.
You have a somewhat thin skeletal structure. (Dex +2, Stealth+)
You regenerate magic rapidly.


Message History

Aiming: Searing Ray (safe; 1% risk of failure)
Press: ? - help, Shift-Dir - straight line, p - lemure The searing ray misses the lemure. (Press . to maintain the ray.)
The lemure hits you.
Unknown command.
The searing ray misses the lemure.
The lemure misses you.
The searing ray hits the lemure.
The lemure is heavily wounded.
The lemure hits you but does no damage.
Without enough magic to sustain it, your searing ray dissipates.
The lemure hits you.
You aren't carrying any items that you can evoke.
Unknown command.
The lemure attacks as you move away! The lemure hits you!
The lemure attacks as you move away! The lemure hits you!
* * * LOW HITPOINT WARNING * * *
The lemure hits you.
* * * LOW HITPOINT WARNING * * *
You aren't carrying any items that you can evoke.
Okay, then.
You aren't carrying any items that you can evoke.
Casting: Searing Ray (safe; 1% risk of failure)
Confirm with . or Enter, or press ? or * to list all spells.
Aiming: Searing Ray (safe; 1% risk of failure)
Press: ? - help, Shift-Dir - straight line, f - lemure
Aim: a lemure (moderately wounded, 76% to hit)
Okay, then.
You are too injured to fight recklessly!
Unknown command.
Casting: Searing Ray (safe; 1% risk of failure)
Confirm with . or Enter, or press ? or * to list all spells.
Aiming: Magic Dart (safe; 1% risk of failure)
Press: ? - help, Shift-Dir - straight line, f - lemure
Aim: a lemure (moderately wounded, 100% to hit)
The magic dart hits the lemure.
The lemure is heavily wounded.
The lemure hits you.
You die...
Your body crumbles into a pile of gold.

#.....##.# #............
#.....##.##### ####..........>.
#.....##.....# #...........).).
#.....##.....####..............<
#.....###.......................
#.....###.......................
#......##...............>.......
#.............5..##.....##.....#
##.######......@.#.....######..#
#....# #...........#### #..#
#....# #........##.# #.<
#....####...........#
#.........#.###..##.
#....######)###.## # #....#
###.....## #. #....# #........#
#. #....####........# .


You could see a lemure.

Vanquished Creatures
  Sigmund (D:4)
  2 ogres (D:4)
  2 lemures (D:4)
  Blork the orc (D:4)
  A hound (D:4)
  Natasha (D:4)
  Robin (D:2)
  4 gnolls (D:2)
  3 adders
  2 dart slugs
  3 orcs (D:3)
  6 bats
  6 endoplasms
  2 giant cockroaches
  15 goblins
  9 hobgoblins
  3 jackals (D:2)
  3 quokkas
  5 ball pythons
  4 frilled lizards
  6 kobolds
  3 rats
83 creatures vanquished.

Vanquished Creatures (others)
  3 fungi (D:4)
3 creatures vanquished.

Grand Total: 86 creatures vanquished

Notes
Turn   | Place    | Note
-------+----------+-------------------------------------------
     0 | D:1      | Zeld the Demonspawn Conjurer began the quest for the Orb.
     0 | D:1      | Reached XP level 1. HP: 13/13 MP: 3/3
   252 | D:1      | Gained mutation: You regenerate magic rapidly. [demonic
                  | ancestry]
   252 | D:1      | Reached XP level 2. HP: 19/19 MP: 0/5
   478 | D:1      | Learned a level 2 spell: Searing Ray
   886 | D:1      | Gained mutation: You have a pair of small horns on your
                  | head. [demonic ancestry]
   886 | D:1      | Reached XP level 3. HP: 19/24 MP: 0/6
  1327 | D:2      | Reached XP level 4. HP: 30/30 MP: 3/8
  1464 | D:2      | Found a faded altar of an unknown god.
  1470 | D:2      | Found Jucettoosa's Distillery.
  1482 | D:2      | Bought a potion of curing for 33 gold pieces
  1482 | D:2      | Bought a potion of curing for 33 gold pieces
  1545 | D:2      | Noticed Robin
  1766 | D:2      | Learned a level 4 spell: Fulminant Prism
  2166 | D:2      | Killed Robin
  2320 | D:2      | Bought a potion of brilliance for 44 gold pieces
  2666 | D:3      | Gained mutation: You have a pair of horns on your head.
                  | [demonic ancestry]
  2666 | D:3      | Reached XP level 5. HP: 35/35 MP: 8/10
  3042 | D:4      | Noticed an ogre
  3050 | D:4      | Killed an ogre
  3110 | D:4      | Found a staircase to the Ecumenical Temple.
  3119 | Temple   | Entered the Ecumenical Temple
  3335 | Temple   | Became a worshipper of Gozag Ym Sagoz the Greedy
  3393 | D:4      | Noticed an ogre
  3396 | D:4      | Reached XP level 6. HP: 30/41 MP: 5/11
  3422 | D:4      | Noticed Sigmund
  3565 | D:4      | Killed Sigmund
  3566 | D:4      | Reached skill level 5 in Conjurations
  3566 | D:4      | Gained mutation: You have a somewhat thin skeletal
                  | structure. (Dex +2, Stealth+) [demonic ancestry]
  3566 | D:4      | Reached XP level 7. HP: 46/46 MP: 6/13
  3667 | D:4      | Noticed Natasha
  3671 | D:4      | Killed Natasha
  3746 | D:4      | Noticed Blork the orc
  3754 | D:4      | Killed Blork the orc
  3785 | D:4      | Slain by a lemure

Illustrated notes

Levels and vault maps discovered:
D:1:      mushboom_english_gardens, layout_loops_cross
D:2:      layout_basic, serial_shops, nicolae_shop_crystal,
          hellmonk_ecumenical_altar_leap_of_faith,
          minmay_misc_feat_secret_circle, uniq_robin
D:3:      layout_basic, chequers_serial_rivers_room_a,
          ebering_dispersal_statue_hall
D:4:      layout_rooms, minmay_temple_entry_junction, uniq_natasha,
          uniq_crazy_yiuf_cottage, uniq_pikel, uniq_sigmund, uniq_blork_the_orc
Temple:   eino_temple_water

Skill      XL: |  1  2  3  4  5  6 |
---------------+-------------------+-----
Stealth        | 2 3 |  3.8
Dodging        | 2 3 |  3.5
Spellcasting   | 3 4 |  4.8
Conjurations   | 5 |  5.3

Action                   |  1- 3 |  4- 6 |  7- 9 || total
-------------------------+-------+-------+-------++-------
 Cast: Magic Dart        |    47 |    89 |    12 ||   148
       Searing Ray       |     3 |     7 |     6 ||    16
Armor: Robe              |     1 |    11 |     6 ||    18
Dodge: Dodged            |     7 |    29 |     7 ||    43
